 Dungeon Crawl Stone Soup version 0.28-a0-628-g3c9886e45e (webtiles) character file.

Game seed: 8859708106440973416

1312 kae the Changer (level 8, -4/61 HPs)
             Began as a Pale Draconian Transmuter on Oct 8, 2021.
             Was an Initiate of Ru.
             Succumbed to a gnoll's poison
             ... on level 6 of the Dungeon.
             The game lasted 00:05:17 (8298 turns).

kae the Changer (Pale Draconian Transmuter)         Turns: 8298, Time: 00:05:18

Health: -4/61      AC:  2    Str: 12    XL:     8   Next: 32%
Magic:  12/14      EV: 19    Int: 16    God:    Ru [......]
Gold:   1119       SH:  0    Dex: 17    Spells: 7/15 levels left

rFire   . . .      SeeInvis .     - Unarmed
rCold   + . .      Faith    .   (shield currently unavailable)
rNeg    . . .      Spirit   .   (armour unavailable)
rPois   x          Reflect  .   (helmet currently unavailable)
rElec   .          Harm     .   (cloak currently unavailable)
rCorr   .          Rampage  .   (gloves currently unavailable)
Will    .....                   (boots currently unavailable)
Stlth   ++........              (no amulet)
HPRegen 0.20/turn               c - ring of flight
MPRegen 0.14/turn               d - ring of protection from cold

@: lethally poisoned (-4 -> -87), spider-form, flying
A: venomous fangs, (breathe steam), AC +6, tiny, unfitting armour,
(cold-blooded), (steam resistance)
a: End Transformation, Renounce Religion


You were on level 6 of the Dungeon.
You worshipped Ru.
Ru was noncommittal.
You were a venomous arachnid creature.
You visited 2 branches of the dungeon, and saw 7 of its levels.

You collected 1119 gold pieces.

Inventory:

Jewellery
 c - a ring of flight (left front leg)
 d - a ring of protection from cold (right front leg)
Scrolls
 e - a scroll of brand weapon
 g - 2 scrolls of noise
 i - 2 scrolls of holy word
Potions
 a - a potion of cancellation
 b - 5 potions of curing
 h - 2 potions of heal wounds
 j - a potion of attraction


   Skills:
 + Level 2.3 Fighting
 - Level 1.7 Dodging
 * Level 4.1 Unarmed Combat
 + Level 4.3 Spellcasting
 * Level 6.5 Transmutations
 - Level 5.0 Ice Magic
 - Level 2.0 Poison Magic


You had 7 spell levels left.
You knew the following spells:

 Your Spells              Type           Power      Damage    Failure   Level
a - Beastly Appendage     Tmut           48%        N/A       5%          1
b - Spider Form           Tmut/Pois      8%         N/A       22%         3
c - Ice Form              Ice/Tmut       21%        N/A       34%         4

Your spell library contained the following spells:

 Spells                   Type           Power      Damage    Failure   Level
 Wereblood                Tmut           24%        N/A       7%          2
 Foxfire                  Conj/Fire      12%        2x1d4     34%         1
 Sublimation of Blood     Necr           1%         N/A       45%         2
 Conjure Flame            Conj/Fire      3%         6-21      65%         3
 Gell's Gravitas          Tloc           1%         N/A       65%         3
 Inner Flame              Hex/Fire       3%         N/A       65%         3
 Lesser Beckoning         Tloc           3%         N/A       65%         3
 Teleport Other           Tloc           3%         N/A       65%         3
 Summon Ice Beast         Ice/Summ       11%        N/A       71%         4
 Cause Fear               Hex            1%         N/A       95%         4
 Flame Wave               Conj/Fire      3%         3d3       95%         4
 Summon Mana Viper        Hex/Summ       3%         N/A       100%        5
 Dragon Form              Tmut           12%        N/A       100%        7
 Monstrous Menagerie      Summ           1%         N/A       100%        7
 Summon Hydra             Summ           1%         N/A       100%        7
 Dragon's Call            Summ           1%         N/A       100%        9


Dungeon Overview and Level Annotations

Branches:
Dungeon (6/15)             Temple (1/1) D:5

Altars:
Cheibriados
Elyvilon
Gozag
Hepliaklqana
Kikubaaqudgha
Makhleb
Nemelex Xobeh
Okawaru
Qazlal
Ru
Sif Muna
Trog
Uskayaw
Wu Jian
Xom
Yredelemnul
The Shining One


Innate Abilities, Weirdness & Mutations

You are a venomous arachnid creature.
You have poisonous fangs.
You are tiny and dextrous.
Your spellcasting is less reliable in this form.
Your armour is entirely melded.
You are incapable of wielding weapons or throwing items.
((You can breathe blasts of scalding, opaque steam.))
((Your pale cyan-grey scales are hard. (AC +6)))
You cannot fit into any form of body armour.
((You are cold-blooded and may be slowed by cold attacks.))
((You are immune to the effects of steam.))


Message History

A gnoll is nearby!
A gnoll is nearby!
A gnoll is nearby!
A gnoll shaman comes into view. It is wielding a +2 whip of venom.
The gnoll shouts!
The gnoll shaman shouts!
You hear a shout!
Casting: Spider Form (dangerous; 9% risk of failure)
Confirm with . or Enter, or press ? or * to list all spells.
You turn into a venomous arachnid creature.
A gnoll comes into view. It is wielding a +0 spear of venom.
A gnoll comes into view. It is wielding a +0 whip.
A gnoll comes into view. It is wielding a +0 flail.
The gnoll shouts!
The gnoll misses you.
You bite the gnoll!
The gnoll is poisoned.
The gnoll is severely wounded.
You hit the gnoll shaman but do no damage.
The gnoll shaman is poisoned.
A gnoll comes into view. It is wielding a +1 vampiric halberd.
The gnoll shouts!
You hit the gnoll shaman but do no damage.
You bite the gnoll shaman!
The gnoll shaman looks even sicker.
The gnoll shaman is heavily wounded.
You feel a bit more experienced.
The gnoll shaman hits you with a +2 whip of venom!
You are lethally poisoned!
You barely miss the gnoll shaman.
The gnoll shaman is heavily wounded.
You feel extremely sick. The gnoll shaman barely misses you.
The gnoll hits you from afar with a +0 spear of venom.
You are more poisoned.
You hit the gnoll shaman.
The gnoll shaman looks as sick as possible!
The gnoll shaman is almost dead.
You feel extremely sick.
You kill the gnoll shaman!
The gnoll hits you from afar with a +0 spear of venom!
* * * LOW HITPOINT WARNING * * *
You are more poisoned.
You die...

#####..#####..###.#>
##.# #......# #.#
##....### #.
##...#..... ####.
##....######
....##....##
#...#....##
###...#...##
#.....#.s##
##.....#.##
#.....gg## #.....g##
.#..... ..#....
..(#..# .. .## # ##


You could see 3 gnolls.

Vanquished Creatures
  3 ice beasts
  2 black bears
  2 necrophages (D:5)
  2 ogres (D:5)
  A bullfrog zombie (D:5)
  A centaur zombie (D:5)
  A jelly (D:6)
  A hound (D:6)
  A gnoll shaman (D:6)
  4 orc priests
  A centaur skeleton (D:4)
  2 scorpion zombies (D:5)
  An orc wizard (D:4)
  4 adders
  A gnoll (D:6)
  An ufetubus (D:5)
  A worm (D:2)
  16 orcs
  3 ball pythons
  3 endoplasms
  4 giant cockroaches
  4 goblins
  9 hobgoblins
  5 jackals
  6 kobolds
  A quokka (D:1)
  3 bats
  3 frilled lizards
  7 rats
  A spectral hobgoblin (D:4)
94 creatures vanquished.

Vanquished Creatures (others)
  11 plants (D:4)
11 creatures vanquished.

Grand Total: 105 creatures vanquished

Notes
Turn   | Place    | Note
-------+----------+-------------------------------------------
     0 | D:1      | kae the Draconian Transmuter began the quest for the Orb.
     0 | D:1      | Reached XP level 1. HP: 16/16 MP: 3/3
   241 | D:1      | Found a faded altar of an unknown god.
   413 | D:1      | Reached XP level 2. HP: 22/23 MP: 3/5
  1417 | D:2      | Reached XP level 3. HP: 18/29 MP: 6/6
  1429 | D:2      | Learned a level 3 spell: Spider Form
  2238 | D:3      | Found an iron altar of Okawaru.
  2521 | D:3      | Reached skill level 1 in Poison Magic
  2538 | D:3      | HP: 1/29 [orc priest/divine providence (15)]
  3217 | D:2      | Reached XP level 4. HP: 10/36 MP: 4/7
  3634 | D:3      | Reached skill level 3 in Transmutations
  4405 | D:3      | Identified a scroll of acquirement
  4405 | D:3      | Acquired 894 gold pieces
  4550 | D:4      | Noticed a black bear
  4634 | D:4      | Learned a level 4 spell: Ice Form
  5092 | D:4      | Killed a black bear
  5093 | D:4      | Reached skill level 1 in Ice Magic
  5093 | D:4      | Reached XP level 5. HP: 31/41 MP: 6/9
  5242 | D:4      | Reached skill level 4 in Transmutations
  5553 | D:4      | Found a bloodstained altar of Trog.
  5609 | D:4      | Found a hide-covered altar of Uskayaw.
  5790 | D:4      | Reached XP level 6. HP: 46/48 MP: 8/10
  5828 | D:4      | Found a hazy altar of Hepliaklqana.
  6139 | D:5      | Entered Level 5 of the Dungeon
  6324 | D:5      | Found a staircase to the Ecumenical Temple.
  6324 | D:5      | Noticed an ice beast
  6347 | D:5      | Killed an ice beast
  6372 | Temple   | Entered the Ecumenical Temple
  6633 | Temple   | Became a worshipper of Ru the Awakened
  6664 | D:5      | Your scales start taking on a pale cyan-grey colour.
  6664 | D:5      | Reached XP level 7. HP: 39/53 MP: 9/12
  6664 | D:5      | Gained mutation: You are immune to the effects of steam.
                  | [Pale Draconian growth]
  6868 | D:5      | Found a basalt altar of Yredelemnul.
  6870 | D:5      | Noticed a profane servitor
  6927 | D:5      | Reached skill level 5 in Transmutations
  7112 | D:5      | Found a burning altar of Makhleb.
  7371 | D:5      | Reached skill level 6 in Transmutations
  7371 | D:5      | Reached XP level 8. HP: 28/60 MP: 14/14
  7533 | D:5      | Found an ornate altar of the Wu Jian Council.
  7690 | D:5      | Found a glowing golden altar of the Shining One.
  7722 | D:5      | Noticed an angel
  8018 | D:6      | Reached skill level 5 in Ice Magic
  8298 | D:6      | Succumbed to a gnoll's poison

Illustrated notes

Levels and vault maps discovered:
D:1:      matt_arrival_grand_opening, layout_basic,
          ebering_ecumenical_altar_sacrificial, kennysheep_nondescript,
          supply_closet_lemuel, minmay_misc_feat_iff
D:2:      layout_loops_ring
D:3:      layout_loops_corners, okawaru_gym_becter, corexii_leaking_fountain
D:4:      wander_river, layout_basic, nicolae_uskayaw_suspiria,
          nicolae_hepliaklqana_monster_ancestors, kennysheep_little_box,
          serial_bayou, serial_bayou_crossing, serial_bayou_shore_b,
          serial_bayou_pond_c, serial_bayou_pond_b
D:5:      layout_loops_cross, grunt_temple_overflow_holy_war,
          lemuel_coloured_pillars_altar, bloody_makhleb,
          minmay_temple_entry_gardened_gates
D:6:      layout_loops_ring, dk_vineyard_3, nrook_mini_backslash,
          hangedman_decor_slide_cut, uniq_eustachio
Temple:   nicolae_temple_figure_zero

Skill      XL: |  1  2  3  4  5  6  7  8 |
---------------+-------------------------+-----
Poison Magic   | 1 2 |  2.0
Transmutations | 3 4 6 |  6.5
Ice Magic      | 1 2 3 4 5 |  5.0
Spellcasting   | 3 4 |  4.3
Fighting       | 2 |  2.3
Unarmed Combat | 4 |  4.1
Dodging        | |  1.7

Action                   |  1- 3 |  4- 6 |  7- 9 || total
-------------------------+-------+-------+-------++-------
Melee: Unarmed           |   126 |   117 |    97 ||   340
       Kick              |    14 |    10 |       ||    24
       Headbutt          |    12 |     5 |       ||    17
       Tailslap          |     7 |     4 |     4 ||    15
 Cast: Beastly Appendage |    27 |    18 |       ||    45
       Spider Form       |     1 |     7 |     9 ||    17
 Abil: Breathe Steam     |       |       |     6 ||     6
  Use: Scroll            |     2 |     8 |     4 ||    14
       Potion            |     2 |       |       ||     2
 Stab: Sleeping          |     1 |       |       ||     1
Armor: Skin              |    46 |    22 |    12 ||    80
Dodge: Dodged            |    95 |    93 |    82 ||   270

Table legend: (Time is in decaauts)
 A = Elapsed time spent in this place.
 B = Non-inter-level travel time spent in this place.
 C = Inter-level travel time spent in this place.
 D = Time resting spent in this place.
 E = Time spent auto-exploring this place.
 F = Levels seen in this place.
 G = Mean time per level.
                   A        B        C        D        E       F      G
               +--------+--------+--------+--------+--------+-----+--------+
         Total |   8286 |   8113 |    173 |   1456 |   5671 |   7 | 1183.7 |
       Dungeon |   8012 |   7851 |    161 |   1456 |   5422 |   6 | 1335.3 |
        Temple |    273 |    262 |     11 |      0 |    249 |   1 |  273.0 |
               +--------+--------+--------+--------+--------+-----+--------+

Top non-repeatable levels by time:
     D:2: 1847 daAuts
     D:3: 1675 daAuts
     D:4: 1509 daAuts
     D:5: 1347 daAuts
     D:1: 1101 daAuts
     D:6: 531 daAuts
  Temple: 273 daAuts
